[Event "January 9 Early 2024"]
[Site "https://www.chess.com"]
[Date "2024.01.11"]
[Round "5"]
[White "Winkels, Marcel"]
[Black "Kraus, Tomas"]
[Result "1-0"]
[Board "115"]
[TimeControl "180+1"]
[WhiteFideId "1003887"]
[BlackFideId "331708"]
[WhiteElo "2020"]
[BlackElo "2342"]
[WhiteTeam "NED"]
[BlackTeam "CZE"]
[WhiteClock "0:00:35"]
[BlackClock "0:00:01"]

1. e4 c5 2. a3 e6 3. Nf3 a6 4. d4 cxd4 5. Nxd4 Qc7 6. Nc3 b5 7. g3 Bb7 8. Bg2 Bc5 9. O-O Ne7 10. Be3 O-O 11. Qd2 b4 12. Na4 bxa3 13. Nxc5 axb2 14. Rab1 Qxc5 15. Nxe6 Qc8 16. Nxf8 Kxf8 17. Rxb2 Nbc6 18. Bc5 Ne5 19. Qd6 Ng6 20. h4 h5 21. f4 Qc6 22. f5 Rc8 23. fxg6 Qxc5+ 24. Qxc5 Rxc5 25. Rxf7+ Kg8 26. Rxb7 Nxg6 27. Rbxd7 Ne5 28. Rxg7+ Kf8 29. Rc7 Rb5 30. Rh7 Rb1+ 31. Bf1 Nf3+ 32. Kf2 Ne5 33. Rh8# 1-0

[Event "January 9 Early 2024"]
[Site "https://www.chess.com"]
[Date "2024.01.11"]
[Round "5"]
[White "Smirnov, Mark"]
[Black "Hnatyshyn, Anastasiia"]
[Result "1/2-1/2"]
[Board "116"]
[TimeControl "180+1"]
[WhiteFideId "13764594"]
[BlackFideId "14198339"]
[WhiteElo "2529"]
[BlackElo "2278"]
[WhiteTeam "KAZ"]
[BlackTeam "UKR"]
[WhiteClock "0:00:02"]
[BlackClock "0:01:16"]

1. e4 e6 2. d4 d5 3. Nd2 c5 4. exd5 Qxd5 5. Ngf3 cxd4 6. Bc4 Qd7 7. O-O a6 8. Nb3 Nc6 9. Nbxd4 Nxd4 10. Nxd4 Qc7 11. Bb3 Nf6 12. Re1 Be7 13. Qf3 O-O 14. Bf4 Bd6 15. Bxd6 Qxd6 16. Rad1 Qc7 17. c3 Bd7 18. Bc2 h6 19. h3 Rfd8 20. Qe3 Rac8 21. Rd2 Bc6 22. Nxc6 Rxd2 23. Qxd2 Qxc6 24. Rd1 Qc7 25. Qd6 Qxd6 26. Rxd6 Kf8 27. Bd1 Ke7 28. Rb6 Rc7 29. Bf3 Nd5 30. Bxd5 exd5 31. Kf1 Kd8 32. Rd6+ Rd7 33. Rxd7+ Kxd7 34. Ke2 Ke6 35. Ke3 Ke5 36. f4+ Kd6 37. Kd4 f5 38. h4 g6 39. b4 b6 40. a4 a5 41. b5 Ke6 42. g3 Kd6 43. c4 dxc4 44. Kxc4 Ke6 45. Kd4 Kd6 46. Kc4 Ke6 47. Kd4 Kd6 48. Kc4 1/2-1/2

[Event "January 9 Early 2024"]
[Site "https://www.chess.com"]
[Date "2024.01.11"]
[Round "5"]
[White "Parpiev, Isaak"]
[Black "Reprintsev, Alexander"]
[Result "1-0"]
[Board "117"]
[TimeControl "180+1"]
[WhiteFideId "34281576"]
[BlackFideId "14100541"]
[WhiteElo "2672"]
[BlackElo "2454"]
[WhiteTeam "RUS"]
[BlackTeam "UKR"]
[WhiteClock "0:00:30"]
[BlackClock "0:00:36"]

1. e4 d5 2. exd5 Qxd5 3. Nc3 Qa5 4. d4 Nf6 5. Nf3 Nc6 6. Bd2 a6 7. Bc4 Nxd4 8. Nxd4 Qc5 9. Bxf7+ Kxf7 10. Nf3 h6 11. Qe2 Bf5 12. O-O e6 13. Be3 Qa5 14. Bf4 Bd6 15. Bg3 Rhd8 16. Rad1 Bxg3 17. hxg3 Kg8 18. Ne5 Bxc2 19. Nc6 bxc6 20. Qxc2 Rxd1 21. Rxd1 Re8 22. a3 Qf5 23. Qe2 Nd5 24. Qxa6 Nxc3 25. bxc3 Qc5 26. Rd3 Rf8 27. Rf3 Rxf3 28. gxf3 Qxc3 29. Kg2 Kh7 30. a4 e5 31. Qe2 Qa1 32. Qe4+ Kh8 33. Qxc6 Qa2 34. Qa8+ Kh7 35. Qe4+ Kh8 36. g4 Qa3 37. Qc6 Kh7 38. Qb5 Qe7 39. Qd3+ Kh8 40. a5 c5 41. a6 Qa7 42. Qb5 c4 43. Qb7 1-0

[Event "January 9 Early 2024"]
[Site "https://www.chess.com"]
[Date "2024.01.11"]
[Round "5"]
[White "Niemann, Hans Moke"]
[Black "Yuan, Qingyu"]
[Result "1-0"]
[Board "118"]
[TimeControl "180+1"]
[WhiteFideId "2093596"]
[BlackFideId "8609772"]
[WhiteElo "3063"]
[BlackElo "2758"]
[WhiteTeam "USA"]
[BlackTeam "CHN"]
[WhiteClock "0:01:04"]
[BlackClock "0:00:02"]

1. e4 c6 2. Nf3 d5 3. d3 dxe4 4. dxe4 Qxd1+ 5. Kxd1 Nf6 6. Nfd2 g6 7. f3 Bh6 8. a4 Be6 9. Bc4 Bxc4 10. Nxc4 Bxc1 11. Kxc1 Nbd7 12. a5 O-O-O 13. Nbd2 Kc7 14. b4 Nh5 15. g3 g5 16. c3 Nhf6 17. Kc2 h5 18. h4 Rdg8 19. Rag1 Rh7 20. Ne3 e6 21. hxg5 Rxg5 22. f4 Rg8 23. e5 Nd5 24. Nxd5+ cxd5 25. g4 Rgh8 26. Nf3 hxg4 27. Rxh7 Rxh7 28. Rxg4 Nf8 29. Nd4 Kd7 30. Rg8 Ng6 31. b5 Nxf4 32. Ra8 Rh2+ 33. Kd1 Nd3 34. Rxa7 Kc8 35. Ra8+ Kd7 36. Rb8 Kc7 37. Rf8 Nxe5 38. b6+ Kd7 39. a6 bxa6 40. b7 Rh1+ 41. Ke2 Rh2+ 42. Kf1 Nc4 43. b8=Q Nd2+ 44. Kg1 Rh8 45. Rxf7# 1-0

[Event "January 9 Early 2024"]
[Site "https://www.chess.com"]
[Date "2024.01.11"]
[Round "5"]
[White "Fernandez Guillen, Ernesto J."]
[Black "Baules Rodriguez, Jorge Luis"]
[Result "0-1"]
[Board "119"]
[TimeControl "180+1"]
[WhiteFideId "3512428"]
[BlackFideId "6600247"]
[WhiteElo "2780"]
[BlackElo "2580"]
[WhiteTeam "CUB"]
[BlackTeam "PAN"]
[WhiteClock "0:00:28"]
[BlackClock "0:00:22"]

1. e4 c5 2. Nf3 d6 3. d4 cxd4 4. Nxd4 Nf6 5. Nc3 g6 6. f3 Bg7 7. Bc4 O-O 8. Be3 Nc6 9. Qd2 Bd7 10. h4 Qa5 11. h5 Nxh5 12. g4 Nf6 13. O-O-O Rfc8 14. Bb3 Ne5 15. Bh6 Bxh6 16. Rxh6 Rxc3 17. bxc3 Rc8 18. Rdh1 Qxc3 19. Qxc3 Rxc3 20. Kd2 Rxf3 21. Nxf3 Nxf3+ 22. Ke3 Ng5 23. R6h4 Ngxe4 24. Rxh7 Nxh7 25. Kxe4 Bc6+ 26. Bd5 Nf6+ 27. Kd3 Bxd5 28. Rb1 Nxg4 29. a4 Bc6 30. a5 a6 31. c4 f5 32. Kd4 e5+ 33. Kc3 Kf7 34. Rd1 Ke6 35. c5 dxc5 36. Rd8 e4 37. Kc4 e3 38. Rd1 f4 39. Kxc5 e2 0-1

[Event "January 9 Early 2024"]
[Site "https://www.chess.com"]
[Date "2024.01.11"]
[Round "5"]
[White "Belov, Alexei"]
[Black "Kolmagorov, Alexey"]
[Result "1-0"]
[Board "120"]
[TimeControl "180+1"]
[WhiteFideId "4128206"]
[BlackFideId "34129402"]
[WhiteElo "2550"]
[BlackElo "2377"]
[WhiteTeam "RUS"]
[BlackTeam "RUS"]
[WhiteClock "0:00:19"]
[BlackClock "0:00:28"]

1. e4 c5 2. Nf3 Nc6 3. d4 cxd4 4. Nxd4 g6 5. c4 Nf6 6. Nc3 d6 7. Be2 Nxd4 8. Qxd4 Bg7 9. Be3 O-O 10. Qd2 a5 11. O-O a4 12. Rac1 Qa5 13. f3 Be6 14. Rc2 Rfc8 15. Qc1 Nd7 16. Rd1 Nc5 17. Kh1 Na6 18. Nd5 Bxd5 19. Rxd5 Qd8 20. a3 Nc5 21. Qd1 Qc7 22. h4 h6 23. h5 g5 24. Qd2 Ne6 25. Qb4 Be5 26. Bf1 Nf4 27. Rb5 Rcb8 28. c5 Nxh5 29. Bd3 Qd7 30. c6 Qe6 31. cxb7 Ra6 32. Qc4 Ng3+ 33. Kg1 d5 34. Qc8+ Kg7 35. Qxe6 fxe6 36. exd5 exd5 37. Rxd5 Bd6 38. Bxa6 1-0

[Event "January 9 Early 2024"]
[Site "https://www.chess.com"]
[Date "2024.01.11"]
[Round "5"]
[White "Srdanovic, Jovana"]
[Black "Can, Melih Kaan"]
[Result "1-0"]
[Board "121"]
[TimeControl "180+1"]
[WhiteFideId "954810"]
[BlackFideId "6317383"]
[WhiteElo "2553"]
[BlackElo "2380"]
[WhiteTeam "SRB"]
[BlackTeam "TUR"]
[WhiteClock "0:00:44"]
[BlackClock "0:00:45"]

1. d4 Nf6 2. c4 e6 3. Nf3 c5 4. d5 d6 5. Nc3 Be7 6. e4 O-O 7. Be2 Nbd7 8. Be3 a6 9. a4 Re8 10. O-O Nf8 11. a5 b6 12. axb6 Qxb6 13. Qc2 Bb7 14. Nd2 exd5 15. cxd5 N6d7 16. Nc4 Qc7 17. f4 Bf6 18. Bf3 Nb6 19. Na5 Bc8 20. Rae1 Bd4 21. Nc6 Bxe3+ 22. Rxe3 Bb7 23. Rd1 Bxc6 24. dxc6 Qxc6 25. e5 d5 26. Nxd5 Nxd5 27. Bxd5 Qb6 28. Bxa8 c4 29. Qc3 Rxa8 30. Qd4 Qb5 31. f5 Re8 32. e6 fxe6 33. f6 Qh5 34. Rf1 e5 35. Qxc4+ Kh8 36. f7 Rd8 37. Rd3 Rb8 38. Qc7 Rxb2 39. Rd8 Rxg2+ 40. Kxg2 Qg4+ 41. Kf2 Qf4+ 42. Ke2 Qe4+ 43. Kd2 Qb4+ 44. Qc3 Qe7 45. Re8 Qg5+ 46. Qe3 Qg2+ 47. Ke1 h6 48. Rxf8+ Kh7 49. Rh8+ Kxh8 50. f8=Q+ Kh7 51. Rg1 1-0

[Event "January 9 Early 2024"]
[Site "https://www.chess.com"]
[Date "2024.01.11"]
[Round "5"]
[White "Martinez Ramirez, Lennis"]
[Black "Pranesh M"]
[Result "0-1"]
[Board "122"]
[TimeControl "180+1"]
[WhiteFideId "3509079"]
[BlackFideId "35028600"]
[WhiteElo "2715"]
[BlackElo "2945"]
[WhiteTeam "CUB"]
[BlackTeam "IND"]
[WhiteClock "0:00:01"]
[BlackClock "0:00:45"]

1. Nf3 c5 2. e4 Nc6 3. Bb5 Qc7 4. O-O Nf6 5. Nc3 e6 6. Re1 h5 7. h3 Nd4 8. e5 Ng8 9. a4 Ne7 10. Bf1 a6 11. Ne4 Nef5 12. c3 Nxf3+ 13. Qxf3 Qxe5 14. d4 cxd4 15. Bf4 Qa5 16. b4 Qd8 17. Bd3 Be7 18. Nc5 Nh4 19. Qg3 d6 20. Nb3 g5 21. Bd2 dxc3 22. Bxc3 e5 23. Qe3 Nf5 24. Qe2 Ng7 25. Na5 O-O 26. Rad1 Rb8 27. Bb1 Qc7 28. Qc2 Bf5 29. Qb2 Bxb1 30. Rxb1 b6 31. Nb3 Qd7 32. Bd2 Qxa4 33. Ra1 Qb5 34. Nd4 Qd5 35. Nf3 Ne6 36. Nh2 a5 0-1

[Event "January 9 Early 2024"]
[Site "https://www.chess.com"]
[Date "2024.01.11"]
[Round "5"]
[White "Maksimovic, Bojan"]
[Black "Cieslak, Patryk"]
[Result "0-1"]
[Board "123"]
[TimeControl "180+1"]
[WhiteFideId "14408120"]
[BlackFideId "21078882"]
[WhiteElo "2895"]
[BlackElo "2700"]
[WhiteTeam "BIH"]
[BlackTeam "POL"]
[WhiteClock "0:00:01"]
[BlackClock "0:00:22"]

1. e4 c6 2. d4 d5 3. Nc3 dxe4 4. Nxe4 Nf6 5. Nxf6+ exf6 6. c3 Bd6 7. Bd3 O-O 8. Qc2 Re8+ 9. Ne2 h5 10. O-O h4 11. h3 Qc7 12. c4 Be6 13. Bd2 Nd7 14. Rae1 Rad8 15. f4 f5 16. Bxf5 Bxf5 17. Qxf5 Nf6 18. Bc3 Ne4 19. Qg4 Nxc3 20. bxc3 Qe7 21. c5 Bc7 22. f5 Qe3+ 23. Kh1 Re4 24. Rf3 Qd2 25. Ng1 Rxg4 26. Re2 Qxe2 27. Nxe2 Re4 28. Rf2 Rde8 29. Ng1 Re1 30. f6 Bg3 0-1

[Event "January 9 Early 2024"]
[Site "https://www.chess.com"]
[Date "2024.01.11"]
[Round "5"]
[White "Zavgorodniy, Sergiy"]
[Black "Bonin, Jay"]
[Result "1-0"]
[Board "124"]
[TimeControl "180+1"]
[WhiteFideId "14110148"]
[BlackFideId "2000644"]
[WhiteElo "2626"]
[BlackElo "2333"]
[WhiteTeam "UKR"]
[BlackTeam "USA"]
[WhiteClock "0:00:39"]
[BlackClock "0:00:23"]

1. e4 e5 2. Nf3 Nc6 3. Bb5 Nge7 4. d4 exd4 5. Nxd4 Nxd4 6. Qxd4 Nc6 7. Bxc6 dxc6 8. Qxd8+ Kxd8 9. Be3 Bd6 10. Nd2 Be6 11. a3 c5 12. f3 c6 13. Kf2 b6 14. g4 Kc7 15. h4 Rad8 16. Rad1 Be5 17. c3 Rd3 18. f4 Bf6 19. f5 Bc8 20. Bf4+ Kb7 21. g5 Be7 22. Nf3 Rhd8 23. Rxd3 Rxd3 24. Ne5 Rd8 25. Nxf7 Rf8 26. Ne5 Bd6 27. Nd3 c4 28. Bxd6 Rd8 29. Be5 cxd3 30. Bxg7 c5 31. Ke3 c4 32. Bd4 Ka6 33. Kf4 Kb5 34. Rh2 Ka4 35. h5 Kb3 36. h6 b5 37. g6 Rd7 38. gxh7 Rxh7 39. Bg7 1-0

[Event "January 9 Early 2024"]
[Site "https://www.chess.com"]
[Date "2024.01.11"]
[Round "5"]
[White "Lymar, Vladislav"]
[Black "Santeramo, Alessia Carmen"]
[Result "1-0"]
[Board "125"]
[TimeControl "180+1"]
[WhiteFideId "14162180"]
[BlackFideId "850810"]
[WhiteElo "2534"]
[BlackElo "2321"]
[WhiteTeam "UKR"]
[BlackTeam "ITA"]
[WhiteClock "0:00:16"]
[BlackClock "0:00:03"]

1. d4 Nf6 2. c4 e6 3. Bf4 Bb4+ 4. Nd2 O-O 5. a3 Be7 6. e4 d5 7. cxd5 exd5 8. e5 Ne4 9. Bd3 Bf5 10. Qe2 Nc6 11. Ngf3 g5 12. g4 Bxg4 13. Be3 Nxd2 14. Kxd2 f6 15. Rhg1 Bxf3 16. Qxf3 fxe5 17. Bxh7+ Kxh7 18. Qh5+ Kg7 19. Bxg5 Bxg5+ 20. Rxg5+ Kf6 21. dxe5+ Ke7 22. Rg7+ Ke6 23. Qh6+ Kxe5 24. Re1+ Kd4 25. Qe3+ Kc4 26. Rc1+ Kb5 27. Rc5+ Ka6 28. Qd3+ 1-0

[Event "January 9 Early 2024"]
[Site "https://www.chess.com"]
[Date "2024.01.11"]
[Round "5"]
[White "Skatchkov, Valery"]
[Black "Bindrich, Falko"]
[Result "0-1"]
[Board "126"]
[TimeControl "180+1"]
[WhiteFideId "24195812"]
[BlackFideId "4676670"]
[WhiteElo "2608"]
[BlackElo "2825"]
[WhiteTeam "RUS"]
[BlackTeam "GER"]
[WhiteClock "0:00:09"]
[BlackClock "0:00:11"]

1. d4 d5 2. c4 e6 3. Nf3 Nf6 4. g3 Bb4+ 5. Nbd2 O-O 6. Bg2 b6 7. O-O Bb7 8. Ne5 Re8 9. Qc2 h6 10. b3 c5 11. Ndf3 Nbd7 12. a3 Ba5 13. Rd1 Rc8 14. Qb2 b5 15. dxc5 bxc4 16. bxc4 Nxc5 17. Be3 Bb6 18. Rac1 Qe7 19. Nd4 Nfe4 20. cxd5 Bxd5 21. Nc4 Na4 22. Qb4 Qxb4 23. axb4 Nec3 24. Nxb6 axb6 25. Re1 Rc4 26. b5 Rec8 27. Nc6 Kf8 28. Bf4 Nxb5 29. Rc3 Nbxc3 0-1

[Event "January 9 Early 2024"]
[Site "https://www.chess.com"]
[Date "2024.01.11"]
[Round "5"]
[White "Cori T., Deysi"]
[Black "Mesquita, Eduardo Barbosa"]
[Result "0-1"]
[Board "127"]
[TimeControl "180+1"]
[WhiteFideId "3801934"]
[BlackFideId "22757163"]
[WhiteElo "2581"]
[BlackElo "2444"]
[WhiteTeam "PER"]
[BlackTeam "BRA"]
[WhiteClock "0:00:03"]
[BlackClock "0:00:34"]

1. Nf3 d5 2. g3 Nf6 3. Bg2 e6 4. O-O Be7 5. c4 O-O 6. b3 a6 7. Bb2 b6 8. d3 Bb7 9. cxd5 Nxd5 10. Nbd2 Bf6 11. Qc1 Bxb2 12. Qxb2 c5 13. Ne5 Nd7 14. Ndc4 N7f6 15. Qd2 Qc7 16. Rac1 Nb4 17. a3 Bxg2 18. Kxg2 Nc6 19. Qf4 Nd5 20. Qg5 f6 21. Qg4 f5 22. Qh4 Nxe5 23. Nxe5 Qxe5 24. e4 fxe4 25. dxe4 Nf6 26. Rfe1 Rad8 27. Re2 Rd3 28. b4 Rxa3 29. bxc5 bxc5 30. f4 Qd4 31. Rce1 c4 32. Qh3 Re8 0-1

[Event "January 9 Early 2024"]
[Site "https://www.chess.com"]
[Date "2024.01.11"]
[Round "5"]
[White "Kosteniuk, Alexandra"]
[Black "Kruckenhauser, Arthur"]
[Result "1-0"]
[Board "128"]
[TimeControl "180+1"]
[WhiteFideId "4128125"]
[BlackFideId "1642812"]
[WhiteElo "2759"]
[BlackElo "2557"]
[WhiteTeam "SUI"]
[BlackTeam "AUT"]
[WhiteClock "0:00:34"]
[BlackClock "0:00:16"]

1. e4 c5 2. d4 cxd4 3. Qxd4 Nc6 4. Qd3 d6 5. Nc3 g6 6. Nf3 Nf6 7. Be2 Bg7 8. O-O O-O 9. Nd5 Re8 10. c3 Be6 11. Bg5 h6 12. Bxf6 exf6 13. Rfe1 f5 14. exf5 Bxf5 15. Qd2 Be4 16. Rad1 Ne5 17. Nxe5 dxe5 18. Bb5 Qxd5 19. Bxe8 Bxg2 20. Qxd5 Bxd5 21. Rxd5 Rxe8 22. Rd7 Bf8 23. Rxb7 Bc5 24. Rd1 e4 25. Rd5 Bb6 26. c4 e3 27. fxe3 Bxe3+ 28. Kf1 Bf4 29. Rdd7 Bxh2 30. Rxf7 Be5 31. Rfe7 Rf8+ 32. Kg2 Bd4 33. Red7 Be5 34. c5 h5 35. c6 h4 36. c7 h3+ 37. Kxh3 Rf3+ 38. Kg2 Rg3+ 39. Kf2 1-0

[Event "January 9 Early 2024"]
[Site "https://www.chess.com"]
[Date "2024.01.11"]
[Round "5"]
[White "Zhu, Jiner"]
[Black "Mazurkiewicz, Michal"]
[Result "0-1"]
[Board "129"]
[TimeControl "180+1"]
[WhiteFideId "8608059"]
[BlackFideId "1124943"]
[WhiteElo "2605"]
[BlackElo "2456"]
[WhiteTeam "CHN"]
[BlackTeam "POL"]
[WhiteClock "0:00:12"]
[BlackClock "0:00:19"]

1. c4 Nf6 2. Nc3 g6 3. e4 d6 4. d4 Bg7 5. f3 O-O 6. Be3 e5 7. d5 a5 8. Nge2 Na6 9. g4 Bxg4 10. fxg4 Nxg4 11. Qd2 Qh4+ 12. Kd1 Nxe3+ 13. Qxe3 Nc5 14. Kc2 f5 15. Bg2 Bh6 16. Qg3 Qh5 17. exf5 Qxf5+ 18. Kd1 Nd3 19. Ne4 Nxb2+ 20. Kc2 Nxc4 21. Kd3 Ne3 22. Bh3 Qh5 23. Be6+ Kh8 24. Nd2 c6 25. dxc6 bxc6 26. Nc3 d5 27. Rae1 e4+ 28. Kd4 Nf5+ 29. Bxf5 Rxf5 30. Nb3 Bg7+ 31. Ke3 Bxc3 0-1

[Event "January 9 Early 2024"]
[Site "https://www.chess.com"]
[Date "2024.01.11"]
[Round "5"]
[White "Adel, Sara"]
[Black "Skiadopoulos, Nikolaos"]
[Result "1-0"]
[Board "130"]
[TimeControl "180+1"]
[WhiteFideId "10616764"]
[BlackFideId "4200772"]
[WhiteElo "2176"]
[BlackElo "1932"]
[WhiteTeam "EGY"]
[BlackTeam "GRE"]
[WhiteClock "0:01:08"]
[BlackClock "0:00:02"]

1. e4 c5 2. Nf3 Nc6 3. d4 cxd4 4. Nxd4 Nf6 5. Nc3 e5 6. Ndb5 d6 7. Bg5 a6 8. Bxf6 gxf6 9. Na3 b5 10. Nd5 Bg7 11. g3 O-O 12. c3 Ne7 13. Bg2 Nxd5 14. Qxd5 Be6 15. Qd2 Qc7 16. Nc2 Rad8 17. Nb4 Qb7 18. Rd1 a5 19. Nd5 Bxd5 20. Qxd5 Qb6 21. O-O Rfe8 22. Bh3 Bf8 23. Bf5 Bh6 24. Rd3 Qc5 25. Rfd1 Qxd5 26. Rxd5 Bf8 27. Rxb5 Rb8 28. Rdd5 Rxb5 29. Rxb5 Ra8 30. Bd7 Kg7 31. Bc6 Ra7 32. Kf1 h5 33. Ke2 f5 34. exf5 Kf6 35. Be4 a4 36. Rb6 a3 37. b3 Rc7 38. c4 Rd7 39. Kf3 Bh6 40. Kg2 Kg5 41. Kh3 Bf8 42. Rb8 Bh6 43. Rg8+ Kf6 44. Kh4 Bg7 45. Kxh5 Rb7 46. Bxb7 1-0

[Event "January 9 Early 2024"]
[Site "https://www.chess.com"]
[Date "2024.01.11"]
[Round "5"]
[White "Le, Tuan Minh"]
[Black "Onyshchuk, Volodymyr"]
[Result "1-0"]
[Board "131"]
[TimeControl "180+1"]
[WhiteFideId "12401153"]
[BlackFideId "14114038"]
[WhiteElo "3011"]
[BlackElo "2753"]
[WhiteTeam "VIE"]
[BlackTeam "UKR"]
[WhiteClock "0:00:30"]
[BlackClock "0:00:01"]

1. d4 d6 2. e4 g6 3. Bc4 Bg7 4. Nf3 e6 5. Bb3 Ne7 6. O-O O-O 7. Re1 h6 8. c3 b6 9. Nbd2 Bb7 10. Nf1 Nd7 11. Ng3 a6 12. h3 b5 13. Be3 Kh7 14. Qd2 Nb6 15. Qe2 Qd7 16. Rad1 a5 17. Bc1 Ba6 18. e5 d5 19. Qe3 b4 20. Bc2 Nc4 21. Qf4 bxc3 22. bxc3 Kh8 23. Nh2 Ng8 24. Ng4 Rfb8 25. h4 Qe7 26. h5 g5 27. Qf3 Nb2 28. Nf5 Qd8 29. Nxg7 Kxg7 30. Qg3 Nxd1 31. Rxd1 Bc4 32. f4 Kf8 33. fxg5 hxg5 34. h6 1-0

[Event "January 9 Early 2024"]
[Site "https://www.chess.com"]
[Date "2024.01.11"]
[Round "5"]
[White "Xu, Yi"]
[Black "Volkov, Maksim"]
[Result "1-0"]
[Board "132"]
[TimeControl "180+1"]
[WhiteFideId "8605564"]
[BlackFideId "54123070"]
[WhiteElo "2868"]
[BlackElo "2661"]
[WhiteTeam "CHN"]
[BlackTeam "RUS"]
[WhiteClock "0:00:22"]
[BlackClock "0:00:14"]

1. e4 c5 2. Nf3 d6 3. Bb5+ Nd7 4. d4 cxd4 5. Qxd4 a6 6. Be2 Ngf6 7. O-O g6 8. Nc3 Bg7 9. Rd1 O-O 10. Qe3 Qc7 11. h3 b5 12. a4 b4 13. Nd5 Nxd5 14. exd5 Nc5 15. Nd4 Bd7 16. a5 Bf6 17. Bf3 Rab8 18. Qe1 Bb5 19. Bh6 Rfe8 20. Qd2 Nd7 21. g3 Ne5 22. Bg2 Nc4 23. Qxb4 Bd7 24. Qc3 Rec8 25. b3 Ne5 26. Qxc7 Rxc7 27. f4 Nc4 28. bxc4 Rxc4 29. c3 Rxc3 30. Nc6 Rb2 31. Rab1 Rxg3 32. Rxb2 Bxb2 33. Rb1 Bxc6 34. Rxb2 Bb5 35. Rc2 f6 36. Rc8+ Kf7 37. Rf8# 1-0

[Event "January 9 Early 2024"]
[Site "https://www.chess.com"]
[Date "2024.01.11"]
[Round "5"]
[White "Kochiev, Ivan"]
[Black "De Winter, Arthur"]
[Result "1-0"]
[Board "133"]
[TimeControl "180+1"]
[WhiteFideId "2917890"]
[BlackFideId "1069020"]
[WhiteElo "2584"]
[BlackElo "2791"]
[WhiteTeam "BUL"]
[BlackTeam "NED"]
[WhiteClock "0:00:17"]
[BlackClock "0:00:12"]

1. e4 e5 2. Nf3 Nc6 3. Bc4 Nf6 4. d3 h6 5. c3 d6 6. O-O g6 7. Re1 Bg7 8. Nbd2 O-O 9. Nf1 Nh7 10. h3 Kh8 11. d4 f5 12. exf5 gxf5 13. dxe5 dxe5 14. Be3 Qf6 15. Bc5 Rd8 16. Qe2 b6 17. Ba3 e4 18. N3d2 Ne5 19. Ne3 Bb7 20. Rad1 f4 21. Ng4 Nxg4 22. Qxg4 Re8 23. f3 e3 24. Ne4 Bxe4 25. fxe4 Ng5 26. h4 Nxe4 27. Rd7 Nf2 28. Qh5 Rad8 29. Rf7 Qc6 30. Bb5 Qe4 31. Bxe8 Rxe8 32. Rxf4 Qe6 33. Rf3 Ng4 34. Qf5 Qc4 35. Rf4 Qxa2 1-0

[Event "January 9 Early 2024"]
[Site "https://www.chess.com"]
[Date "2024.01.11"]
[Round "5"]
[White "Chemin, Justo Reinaldo"]
[Black "Huschenbeth, Niclas"]
[Result "1-0"]
[Board "134"]
[TimeControl "180+1"]
[WhiteFideId "2101580"]
[BlackFideId "24604747"]
[WhiteElo "2246"]
[BlackElo "2469"]
[WhiteTeam "BRA"]
[BlackTeam "GER"]
[WhiteClock "0:00:06"]
[BlackClock "0:00:18"]

1. d4 Nf6 2. Nf3 d5 3. Bf4 c5 4. e3 e6 5. c3 Bd6 6. Bg3 O-O 7. Nbd2 Qc7 8. Bd3 Nbd7 9. Qe2 e5 10. dxe5 Nxe5 11. Nxe5 Bxe5 12. e4 Re8 13. Bxe5 Qxe5 14. O-O dxe4 15. Rfe1 Ng4 16. g3 Qh5 17. h4 e3 18. f3 Bd7 19. Ne4 Ne5 20. g4 Qxh4 21. Qxe3 Qg3+ 22. Nxg3 Bc6 23. Qxe5 Rxe5 24. Rxe5 Rd8 25. Bc4 b6 26. Re7 Bxf3 27. Rae1 Bc6 28. Rxf7 Bd5 29. Bxd5 Rxd5 30. Rxa7 h5 31. Re8+ Kh7 32. Nxh5 Rg5 33. Rxg7+ 1-0

[Event "January 9 Early 2024"]
[Site "https://www.chess.com"]
[Date "2024.01.11"]
[Round "5"]
[White "Krzyzanowski, Marcin"]
[Black "Dushyant Sharma"]
[Result "1-0"]
[Board "135"]
[TimeControl "180+1"]
[WhiteFideId "1132199"]
[BlackFideId "25065130"]
[WhiteElo "2792"]
[BlackElo "2511"]
[WhiteTeam "POL"]
[BlackTeam "IND"]
[WhiteClock "0:00:18"]
[BlackClock "0:00:03"]

1. e4 d5 2. exd5 Nf6 3. d4 Bg4 4. Bb5+ c6 5. dxc6 Nxc6 6. Nf3 e6 7. h3 Bh5 8. Nc3 Be7 9. g4 Bg6 10. Ne5 Rc8 11. Bxc6+ bxc6 12. Nxg6 hxg6 13. Qf3 Qb6 14. Ne2 c5 15. c3 O-O 16. O-O Nd5 17. dxc5 Bxc5 18. Ng3 Rfd8 19. a4 a5 20. h4 Bd6 21. h5 Bxg3 22. Qxg3 gxh5 23. gxh5 Rc4 24. Bh6 g6 25. hxg6 f5 26. Qh3 Rg4+ 27. Kh1 Qc6 28. f3 Ne7 29. Bg5 1-0

[Event "January 9 Early 2024"]
[Site "https://www.chess.com"]
[Date "2024.01.11"]
[Round "5"]
[White "Garakov, Mikhael"]
[Black "Seo, Jung Min"]
[Result "1/2-1/2"]
[Board "136"]
[TimeControl "180+1"]
[WhiteFideId "4169034"]
[BlackFideId "1734687"]
[WhiteElo "2666"]
[BlackElo "2854"]
[WhiteTeam "RUS"]
[BlackTeam "SWE"]
[WhiteClock "0:00:13"]
[BlackClock "0:01:42"]

1. e4 c5 2. Nf3 e6 3. c4 Nc6 4. Nc3 Nf6 5. Be2 Be7 6. O-O O-O 7. d4 cxd4 8. Nxd4 Qc7 9. Be3 a6 10. Rc1 Nxd4 11. Qxd4 d6 12. Rfd1 Bd7 13. f3 Rac8 14. Kh1 Rfd8 15. Bf1 Qb8 16. Qa7 Qxa7 17. Bxa7 Bc6 18. Bb6 Re8 19. Be3 Nd7 20. b3 Red8 21. a4 a5 22. Nd5 exd5 23. cxd5 Nc5 24. Bxc5 dxc5 25. dxc6 bxc6 26. Bc4 Kf8 27. Kg1 Bf6 28. Kf1 Rxd1+ 29. Rxd1 Bd4 30. Ke2 Ke7 31. f4 Rd8 32. Kf3 f6 33. g3 Bc3 34. Rxd8 Kxd8 35. h4 h6 36. Kg4 Ke7 37. h5 Be1 38. Kf3 Bc3 39. Ke2 Bd4 40. Ba6 Bg1 41. Kf3 Bd4 42. Kg4 Bf2 43. Bc4 Be1 44. e5 fxe5 45. fxe5 Bc3 46. Kf5 Be1 47. g4 Bg3 48. Ke4 Bh2 49. Kf5 Bg3 50. Bd3 Be1 51. Kg6 Kf8 52. Be4 Bc3 53. Kf5 Ke7 54. Bxc6 Bb2 55. Bb5 Bc3 56. Bc4 Bb2 57. Ke4 Bc3 58. Kd5 Bb4 59. Kc6 Ba3 60. Kb5 Bb4 61. Kb6 Bc3 62. Kxc5 Bxe5 63. Kd5 Bc3 64. Ke4 Bb4 65. Kf5 Kf8 66. Kg6 Bc3 67. Kf5 1/2-1/2

[Event "January 9 Early 2024"]
[Site "https://www.chess.com"]
[Date "2024.01.11"]
[Round "5"]
[White "Coelho, Ramyres Santana"]
[Black "Krivenko, Dion"]
[Result "0-1"]
[Board "137"]
[TimeControl "180+1"]
[WhiteFideId "2120690"]
[BlackFideId "4508378"]
[WhiteElo "2287"]
[BlackElo "2437"]
[WhiteTeam "BRA"]
[BlackTeam "EST"]
[WhiteClock "0:00:01"]
[BlackClock "0:00:59"]

1. e4 g6 2. d4 Bg7 3. Nc3 c6 4. f3 d6 5. Be3 Nd7 6. Qd2 b5 7. O-O-O Nb6 8. g4 h5 9. g5 d5 10. exd5 Nxd5 11. Nxd5 Qxd5 12. Kb1 Be6 13. b3 a5 14. Bh3 Bxh3 15. Nxh3 e6 16. Nf4 Qd6 17. Nd3 Ne7 18. Bf4 Qxd4 19. Ne5 Qd5 20. Qxd5 Nxd5 21. Nd3 Nc3+ 22. Kc1 Nxd1 23. Rxd1 O-O 24. Ne5 Bxe5 25. Bxe5 Rfd8 26. Re1 Rd5 27. Bf6 a4 28. b4 Ra7 29. a3 Rad7 30. Re4 Rd1+ 31. Kb2 R1d2 32. h4 Rf2 33. f4 Rh2 34. Kc1 Rxh4 35. c4 Rh1+ 36. Kc2 h4 37. cxb5 cxb5 38. Re5 Rc7+ 39. Kd3 h3 40. Rxb5 Rc8 41. f5 gxf5 42. Be5 Kh7 43. Rb7 Kg6 44. b5 h2 45. Bxh2 Rxh2 46. b6 Rh3+ 47. Kd4 Rxa3 0-1

[Event "January 9 Early 2024"]
[Site "https://www.chess.com"]
[Date "2024.01.11"]
[Round "5"]
[White "Malikova, Marjona"]
[Black "Hernandez Santos, David Ale"]
[Result "0-1"]
[Board "138"]
[TimeControl "180+1"]
[WhiteFideId "14212463"]
[BlackFideId "5132002"]
[WhiteElo "2265"]
[BlackElo "2014"]
[WhiteTeam "UZB"]
[BlackTeam "MEX"]
[WhiteClock "0:00:08"]
[BlackClock "0:00:19"]

1. d4 e6 2. c4 Nf6 3. Nc3 Bb4 4. Qc2 b6 5. e4 c5 6. d5 Qe7 7. e5 exd5 8. Qe2 Ne4 9. Bd2 Bxc3 10. Bxc3 Ba6 11. Qc2 Nxc3 12. Qxc3 d4 13. Qg3 O-O 14. Bd3 Nc6 15. f4 f6 16. Nf3 fxe5 17. fxe5 Nxe5 18. Nxe5 d6 19. O-O-O dxe5 20. Rde1 Rae8 21. Re4 Bb7 22. Rh4 e4 23. Be2 d3 24. Bh5 Rd8 25. Rg4 e3 26. Rg5 d2+ 27. Kd1 e2+ 28. Bxe2 Qe4 29. Rxg7+ Kh8 30. Bf3 Qb1+ 31. Ke2 d1=Q+ 32. Rxd1 Qxd1+ 33. Ke3 Qd2# 0-1